 Dungeon Crawl Stone Soup version 0.29-a0-1023-g6ae1a4a2c7 (webtiles) character file.

Game seed: 16525326735764985126

36 BritishOli the Ducker (level 3, 28/28 HPs)
             Began as a Demonspawn Gladiator on Aug 11, 2022.
             Was a Follower of Dithmenos.
             Got out of the dungeon alive.
             The game lasted 00:02:21 (1280 turns).

BritishOli the Ducker (Demonspawn Gladiator)        Turns: 1280, Time: 00:02:22

Health: 28/28      AC:  4    Str: 16    XL:     3   Next: 19%
Magic:  3/3        EV: 12    Int:  9    God:    Dithmenos [*.....]
Gold:   129        SH:  0    Dex: 16    Spells: 2/2 levels left

rFire   . . .      SeeInvis .   a - +0 long sword
rCold   . . .      Faith    .   (no shield)
rNeg    . . .      Spirit   .   b - +0 leather armour
rPois   +          Reflect  .   c - +0 helmet
rElec   .          Harm     .   (no cloak)
rCorr   .          Rampage  .   (no gloves)
Will    .....                   (no boots)
Stlth   +++.......              (no amulet)
HPRegen 0.09/turn               h - ring of poison resistance
MPRegen 0.08/turn               (no ring)

@: wreathed by umbra
A: hooves 1, thin skeletal structure 1
a: Renounce Religion


You escaped.
You worshipped Dithmenos.
Dithmenos was aware of your devotion.
You visited 1 branch of the dungeon, and saw 2 of its levels.

You collected 129 gold pieces.

Inventory:

Hand Weapons
 a - a +0 long sword (weapon)
Missiles
 d - 3 throwing nets (quivered)
 e - a javelin
Armour
 b - a +0 leather armour (worn)
 c - a +0 helmet (worn)
Jewellery
 h - a ring of poison resistance (left hand)
Scrolls
 f - 5 scrolls of identify {unknown}
 i - a scroll of enchant armour {unknown}
 m - a scroll of torment {unknown}
Potions
 g - a potion of haste {unknown}
 j - a potion of heal wounds {unknown}
 k - a potion of attraction {unknown}
 l - a potion of magic {unknown}


   Skills:
 + Level 2.4 Fighting
 + Level 3.0 Long Blades
 - Level 2.0 Throwing
 + Level 0.7 Armour
 + Level 3.1 Dodging


You had 2 spell levels left.
You didn't know any spells.
Your spell library contained the following spells:

 Spells                   Type           Power      Damage    Failure   Level
 Call Canine Familiar     Summ           0%         N/A       83%         3
 Portal Projectile        Hex/Tloc       0%         N/A       83%         3
 Leda's Liquefaction      Hex/Erth       0%         N/A       99%         4


Dungeon Overview and Level Annotations

Branches:
Dungeon (2/15)

Altars:
Dithmenos


Innate Abilities, Weirdness & Mutations

You have large cloven feet.
You have a somewhat thin skeletal structure. (Dex +2, Stealth+)


Message History

There is a stone staircase leading up here.
Found 6 stones.
You now have 129 gold pieces (gained 14).
No target in view!
A dart slug comes into view.
A dart slug is nearby!
You hit the dart slug but do no damage. The dart slug launches a dart at you.
The slug dart hits you.
Okay, then.
You hit the dart slug.
You kick the dart slug, but do no damage.
The dart slug is heavily wounded.
The dart slug misses you.
You hit the dart slug.
The dart slug is severely wounded.
The dart slug barely misses you.
You slash the dart slug!
You kill the dart slug!
Dithmenos accepts your kill.
No target in view!
No target in view!
No target in view!
You start resting.
HP restored.
You have 129 gold pieces.
(D) Dungeon
Where to? (Enter - D:2, ? - help)
There is a stone staircase leading up here.
You climb upwards.
There is a stone staircase leading down here.
(D) Dungeon
Where to? (Enter - D:1, ? - help)
Okay, then.
There is an open door here.
There is a staircase leading out of the dungeon here.
You can't go down here!
There is a staircase leading out of the dungeon here.
Are you sure you want to leave the Dungeon?
This will make you lose the game!
You have escaped!

.............#.#.# #.#
.###########.#.#.# #.# .# #####'#
#.# .# ##.# #.# .# ##..# #.# .#
##...# #.# .# ##....## #.# ##
##......########.###### #
#.....@.....'.##.......
############......#####.#########
..........###....##.....#
#######.### ##...######.# #.#
##..# #.######### #######.# ##.#
#.......... #.......#
###'################ #.#####.#
#........# #.# #.# ########.#


There were no monsters in sight!

Vanquished Creatures
  2 dart slugs
  4 endoplasms (D:1)
  A giant cockroach (D:1)
  3 goblins (D:1)
  4 hobgoblins (D:1)
  3 jackals (D:1)
  4 ball pythons (D:1)
  4 bats (D:1)
  A frilled lizard (D:1)
  2 rats (D:1)
28 creatures vanquished.

Vanquished Creatures (others)
  6 toadstools (D:1)
6 creatures vanquished.

Grand Total: 34 creatures vanquished

Notes
Turn   | Place    | Note
-------+----------+-------------------------------------------
     0 | D:1      | BritishOli the Demonspawn Gladiator began the quest for the
                  | Orb.
     0 | D:1      | Reached XP level 1. HP: 16/16 MP: 1/1
   112 | D:1      | Gained mutation: You have a somewhat thin skeletal
                  | structure. (Dex +2, Stealth+) [demonic ancestry]
   112 | D:1      | Reached XP level 2. HP: 11/22 MP: 2/2
   549 | D:1      | Found a faded altar of an unknown god.
   561 | D:1      | Prayed at the altar of an unknown god.
   561 | D:1      | Became a worshipper of Dithmenos the Shadowed
   561 | D:1      | Reached * piety under Dithmenos
   862 | D:1      | Gained mutation: You have large cloven feet. [demonic
                  | ancestry]
   862 | D:1      | Reached XP level 3. HP: 28/28 MP: 3/3
  1280 | D:$      | Got out of the dungeon alive.

Illustrated notes

Levels and vault maps discovered:
D:1:      mrwooster_arrival_arrow, layout_loops_ring,
          shapermc_ecumenical_altar_venn, minmay_gold_behind_fungi, st_stairs_5
D:2:      layout_loops_cross, pf_guarded_unrand_woodcutter, uniq_terence

Skill      XL: |  1  2 |
---------------+-------+-----
Throwing       | 2 |  2.0
Dodging        | 3 |  3.1
Long Blades    | 3 |  3.0
Fighting       | |  2.4
Armour         | |  0.7

Action                   || total
-------------------------++-------
Melee: Long sword        ||    72
       Kick              ||     2
 Stab: Sleeping          ||     4
Armor: Leather armour    ||    36
Dodge: Dodged            ||    70

Table legend: (Time is in decaauts)
 A = Elapsed time spent in this place.
 B = Non-inter-level travel time spent in this place.
 C = Inter-level travel time spent in this place.
 D = Time resting spent in this place.
 E = Time spent auto-exploring this place.
 F = Levels seen in this place.
 G = Mean time per level.
                   A        B        C        D        E       F      G
               +--------+--------+--------+--------+--------+-----+--------+
         Total |   1298 |   1202 |     96 |    301 |    700 |   2 |  649.0 |
       Dungeon |   1298 |   1202 |     96 |    301 |    700 |   2 |  649.0 |
               +--------+--------+--------+--------+--------+-----+--------+

Top non-repeatable levels by time:
     D:1: 1233 daAuts
     D:2: 64 daAuts
